 Dungeon Crawl Stone Soup version 0.30-a0-170-g85af917532 (webtiles) character file.

Game seed: 9024412856532453436

142 blackman the Chopper (level 4, 0/35 HPs)
             Began as a Demigod Wanderer on Sept 30, 2022.
             Slain by a gnoll
             ... wielding a +0 vorpal spear
              (3 damage)
             ... on level 4 of the Dungeon.
             The game lasted 00:05:07 (3520 turns).

blackman the Chopper (Demigod Wanderer)             Turns: 3520, Time: 00:05:07

Health: 0/35       AC:  2    Str: 18    XL:     4   Next: 74%
Magic:  8/8        EV:  9    Int: 14    God:
Gold:   265        SH:  6    Dex: 12    Spells: 5/5 levels left

rFire   . . .      SeeInvis .    a - +3 mace
rCold   . . .      Faith    .    q - +0 kite shield
rNeg    . . .      Spirit   .    c - +0 robe
rPois   .          Reflect  .    (no helmet)
rElec   .          Harm     .    (no cloak)
rCorr   .          Rampage  .    (no gloves)
Will    .....                    (no boots)
Stlth   +.........               (no amulet)
HPRegen 0.11/turn                (no ring)
MPRegen 0.11/turn                (no ring)

@: lethally poisoned (0 -> -8), studying Axes
A: high MP 1, forlorn, divine attributes
a: no special abilities


You were on level 4 of the Dungeon.
You visited 1 branch of the dungeon, and saw 4 of its levels.

You collected 265 gold pieces.

Inventory:

Hand Weapons
 a - a +3 mace (weapon)
Missiles
 m - 4 poisoned darts (quivered)
 n - 3 datura-tipped darts
Armour
 c - a +0 robe (worn)
 q - a +0 kite shield (worn)
Wands
 p - a wand of flame (17)
Scrolls
 b - a scroll of silence
 d - 2 scrolls of identify
 e - a scroll of magic mapping
 f - 2 scrolls of blinking {unknown}
 h - a scroll of amnesia {unknown}
 l - a scroll of poison {unknown}
 o - a scroll of enchant weapon {unknown}
Potions
 g - 2 potions of brilliance {unknown}
 i - a potion of haste {unknown}
 j - a potion of berserk rage {unknown}
 k - 2 potions of cancellation {unknown}


   Skills:
 - Level 1.0 Fighting
 * Level 6.3(6.8) Axes
 - Level 3.6(5.4) Maces & Flails
 - Level 1.0 Spellcasting
 - Level 2.6 Poison Magic
 - Level 1.0 Evocations


You had 5 spell levels left.
You didn't know any spells.
Your spell library contained the following spells:

 Spells                   Type           Power      Damage    Failure   Level
 Poisonous Vapours        Pois/Air       8%         N/A       63%         2
 Sandblast                Erth           0%         2d4       67%         1
 Cigotuvi's Dreadful Rot  Necr/Pois/Air  6%         N/A       71%         2
 Ensorcelled Hibernation  Hex/Ice        0%         N/A       82%         2
 Passwall                 Tmut/Erth      0%         N/A       82%         2
 Stone Arrow              Conj/Erth      0%         3d7       96%         3
 Swiftness                Air            0%         N/A       96%         3


Dungeon Overview and Level Annotations

Branches:
Dungeon (4/15)
 Temple: D:4-7

Shops:
D:3 ?


Innate Abilities, Weirdness & Mutations

You have an increased reservoir of magic. (+10% MP)
You shall have no god before yourself.
Your divine heritage dramatically boosts your attributes as you level up.


Message History

No target in view!
You start resting.
HP restored.
You start waiting.
You start waiting.
Done waiting.
There is a stone staircase leading down here.
You climb downwards.
The gnoll shouts!
You hear a shout! x2; You hear an angry hiss.
Found a kite shield, an orange potion and a fizzy yellow potion.
Found a stone staircase leading down.
There is a stone staircase leading up here.
A gnoll comes into view. It is wielding a +0 spear.
A scorpion comes into view.
You see here a +0 kite shield.
q - a +0 kite shield
There is a stone staircase leading up here.
You climb upwards.
There is a stone staircase leading down here.
You start putting on your armour.
You continue putting on your +0 kite shield. x4
You finish putting on your +0 kite shield.
You climb downwards.
The gnoll shouts!
You hear a shout!
You hear an angry hiss.
The scorpion stings you. The gnoll hits you with a +0 flail.
The gnoll hits you with a +0 whip.
A gnoll comes into view.
It is wielding a +0 halberd of freezing.
The scorpion stings you.
You are poisoned.
The scorpion poisons you!
A ball python comes into view.
You block the gnoll's attack. The gnoll hits you but does no damage.
The gnoll hits you from afar with a +0 vorpal spear.
There is a stone staircase leading up, spattered with blood here.
You feel very sick. The scorpion closely misses you.
You block the gnoll's attack. The gnoll hits you with a +0 whip!
* * * LOW HITPOINT WARNING * * *
The gnoll hits you from afar with a +0 vorpal spear.
You die...

........ .....
......#.......
..>..+.......
....#.....#
...#.....##
#!.........
##g.g.......
#..@.g..g...
#...s.......
######.g....
g.... .!.. ...
.. .


You could see a scorpion and 6 gnolls.

Vanquished Creatures
  A hound (D:3)
  Jessica (D:3)
  3 adders
  A worm (D:3)
  3 dart slugs
  3 orcs (D:3)
  5 endoplasms
  A giant cockroach (D:2)
  6 goblins
  5 hobgoblins
  7 kobolds
  3 quokkas
  2 ball pythons
  2 bats
  A frilled lizard (D:3)
  2 rats
46 creatures vanquished.

Notes
Turn   | Place    | Note
-------+----------+-------------------------------------------
     0 | D:1      | blackman the Demigod Wanderer began the quest for the Orb.
     0 | D:1      | blackman set off with the following items: a +3 mace, a
                  | scroll of silence, a +0 robe; and the following spells
                  | available to memorise: Poisonous Vapours, Cigotuvi's
                  | Dreadful Rot.
     0 | D:1      | Reached XP level 1. HP: 16/16 MP: 4/4
   120 | D:1      | Reached skill level 1 in Axes
   175 | D:1      | Reached skill level 2 in Axes
   198 | D:1      | Reached XP level 2. HP: 17/23 MP: 5/5
   313 | D:1      | Reached skill level 3 in Axes
  1121 | D:2      | Reached skill level 4 in Axes
  1121 | D:2      | Reached XP level 3. HP: 20/28 MP: 6/6
  2186 | D:3      | Found Ugoej's Magic Scroll Boutique.
  2470 | D:3      | Reached skill level 5 in Axes
  2470 | D:3      | Reached XP level 4. HP: 9/35 MP: 8/8
  2997 | D:3      | Noticed Jessica
  3002 | D:3      | Killed Jessica
  3003 | D:3      | Reached skill level 6 in Axes
  3520 | D:4      | Slain by a gnoll

Illustrated notes

Levels and vault maps discovered:
D:1:      amcnicky_arrival_underground_garden, layout_loops_cross,
          nicolae_ecumenical_snake_handling
D:2:      layout_rooms, dk_vineyard_3
D:3:      layout_loops_corners, cheibrodos_ashenzari_chains,
          mainiacjoe_overflow_surrounded_room, serial_shops, shop_statue,
          uniq_jessica
D:4:      kennysheep_slugbush, layout_basic, nicolae_vehumet_radiance,
          mainiacjoe_overflow_cross_hatched, nicolae_gozag_seed_capital,
          serial_shops, nicolae_shop_waterfront, uniq_pikel

Skill      XL: |  1  2  3  4 |
---------------+-------------+-----
Axes           | 2 4 5 6 |  6.3
Fighting       | |  1.0
Maces & Flails | |  3.6
Spellcasting   | |  1.0
Poison Magic   | |  2.6
Evocations     | |  1.0

Action                   |  1- 3 |  4- 6 || total
-------------------------+-------+-------++-------
Melee: Mace              |    79 |    22 ||   101
       Punch             |     1 |       ||     1
  Use: Scroll            |     2 |       ||     2
 Stab: Sleeping          |     1 |       ||     1
Armor: Robe              |    11 |     2 ||    13
Dodge: Dodged            |    36 |    15 ||    51
Block: Kite shield       |       |     2 ||     2

Table legend: (Time is in decaauts)
 A = Elapsed time spent in this place.
 B = Non-inter-level travel time spent in this place.
 C = Inter-level travel time spent in this place.
 D = Time resting spent in this place.
 E = Time spent auto-exploring this place.
 F = Levels seen in this place.
 G = Mean time per level.
                   A        B        C        D        E       F      G
               +--------+--------+--------+--------+--------+-----+--------+
         Total |   3538 |   3443 |     95 |    218 |   2879 |   4 |  884.5 |
       Dungeon |   3538 |   3443 |     95 |    218 |   2879 |   4 |  884.5 |
               +--------+--------+--------+--------+--------+-----+--------+

Top non-repeatable levels by time:
     D:3: 1862 daAuts
     D:2: 848 daAuts
     D:1: 815 daAuts
     D:4: 12 daAuts
